 Dungeon Crawl Stone Soup version 0.31-a0-1074-g0b22e4e0f1 (webtiles) character file.

Game seed: 5619238476267533215

107 timneilson the Changeling (level 4, -1/29 HPs)
             Began as an Octopode Shapeshifter on Dec 2, 2023.
             Slain by a gnoll
             ... wielding a +0 halberd
              (10 damage)
             ... on level 3 of the Dungeon.
             The game lasted 00:03:54 (1915 turns).

timneilson the Changeling (Octopode Shapeshifter)   Turns: 1915, Time: 00:03:54

Health: -1/29      AC:  1    Str: 15    XL:     4   Next: 86%
Magic:  4/4        EV: 11    Int: 12    God:
Gold:   98         SH:  7    Dex: 11    Spells: 3/3 levels left

rFire   . .          .
                       - Unarmed
rCold   . . .        m - +0 kite shield
rNeg    . . .        (helmet currently unavailable)
rPois   .            (no amulet)
rElec   .            (no ring)
rCorr   .            (no ring)
SInv    .            (no ring)
Will    .....        (no ring)
Stlth   +++          (no ring)
HPRegen 0.24/turn    (no ring)
MPRegen 0.09/turn    (no ring)
                     (no ring)

%: no passive effects
@: beast-form
A: beast (slay +2), almost no armour, amphibious, 8 rings, camouflage 1,
gelatinous body 1, (nimble swimmer 1), tentacles
a: Begin Untransformation


You were on level 3 of the Dungeon.
You were a hulking beast.
You visited 1 branch of the dungeon, and saw 3 of its levels.

You collected 98 gold pieces.

Inventory:

Armour
 m - a +0 kite shield (worn)
Talismans
 b - a beast talisman
 c - a flux talisman
Wands
 p - a wand of paralysis (4)
Scrolls
 d - a scroll of revelation
 f - a scroll of identify
 j - 3 scrolls of torment {unknown}
 k - a scroll of teleportation {unknown}
 n - a scroll of poison {unknown}
 q - a scroll of fog {unknown}
Potions
 a - a potion of lignification
 e - a potion of mutation {unknown}
 g - a potion of might
 h - 2 potions of heal wounds {unknown}
 i - a potion of attraction {unknown}
 l - a potion of enlightenment {unknown}
 o - a potion of curing {unknown}


   Skills:
 * Level 2.1 Fighting
 * Level 2.8 Dodging
 + Level 1.6 Stealth
 + Level 0.0 Shields
 * Level 3.6 Unarmed Combat
 * Level 3.6 Shapeshifting


You had 3 spell levels left.
You didn't know any spells.
Your spell library contained the following spells:

 Spells                   Type           Power      Damage    Failure   Level
 Kiss of Death            Conj/Necr      0%         2d5       77%         1
 Sting                    Tmut/Pois      0%         1d3       77%         1
 Poisonous Vapours        Pois/Air       0%         N/A       88%         2
 Call Canine Familiar     Summ           0%         N/A       98%         3
 Confusing Touch          Hex            0%         N/A       98%         3
 Sigil of Binding         Hex            0%         N/A       98%         3
 Dimensional Bullseye     Hex/Tloc       0%         N/A       100%        4
 Dispel Undead            Necr           0%         3d6       100%        4
 Leda's Liquefaction      Hex/Erth       0%         N/A       100%        4
 Olgreb's Toxic Radiance  Pois           0%         N/A       100%        4


Dungeon Overview and Level Annotations

Branches:
Dungeon (3/15)

Altars:
Nemelex Xobeh
Qazlal


Innate Abilities, Weirdness & Mutations

You are a hulking beast.
Your limbs bulge with bestial killing power. (Slay +2)
You cannot wear most types of armour.
You are amphibious.
You can wear up to eight rings at the same time.
Your skin changes colour to match your surroundings (Stealth+).
Your rubbery body absorbs attacks. (AC +1, EV +1)
((You are camouflaged when in or above water. (Stealth+)))
You have tentacles for arms and can constrict up to eight enemies at once.


Message History

There is an open door here.
There is a stone staircase leading down here.
A quokka comes into view.
The helpless quokka fails to defend itself.
You tentacle-slap the quokka. You grab the quokka.
The quokka is moderately wounded.
You constrict the quokka. The quokka barely misses you.
The quokka bites you but does no damage.
You tentacle-slap the quokka.
You kill the quokka!
A goblin comes into view. It is wielding a +0 dagger.
A goblin is nearby!
The helpless goblin fails to defend itself.
You tentacle-slap the goblin.
You kill the goblin!
You see here a +0 dagger.
You see here a +1 mace of protection.
Found a stone staircase leading up.
You see here a +1 mace of protection.
There is a stone staircase leading down here.
There is a stone staircase leading down here.
You open the door.
There is an open door here. 2 gnolls come into view.
Found an escape hatch in the floor.
Found a stone staircase leading down.
The gnoll shouts! x2; You hear a shout!
The gnoll barely misses you.
You tentacle-slap the gnoll but do no damage.
You grab the gnoll. You constrict the gnoll.
The gnoll hits you from afar with a +0 halberd!
The gnoll barely misses you.
You tentacle-slap the gnoll. You squeeze the gnoll!
The gnoll is almost dead.
You constrict the gnoll.
The gnoll hits you from afar with a +0 halberd!
You block the gnoll's attack.
You tentacle-slap the gnoll.
You kill the gnoll!
The gnoll hits you from afar with a +0 halberd!
You die...

####### #...... #...... #......
#...... #...... #......
###########################......
..............g)h.........'..†...
###.......#################......
#######..## #...... ##..###
#...... ###########...# #######
..............####
.................########
...............[........#
........................#


You could see a gnoll.

Vanquished Creatures
  An orc wizard (D:3)
  An adder (D:2)
  A gnoll (D:3)
  A worm (D:3)
  3 orcs (D:3)
  4 bats
  5 endoplasms
  3 giant cockroaches (D:2)
  6 goblins
  8 hobgoblins
  6 jackals
  3 quokkas
  3 ball pythons
  3 frilled lizards
  8 kobolds
  7 rats
63 creatures vanquished.

Notes
Turn   | Place    | Note
-------+----------+-------------------------------------------
     0 | D:1      | timneilson the Octopode Shapeshifter began the quest for
                  | the Orb.
     0 | D:1      | Reached XP level 1. HP: 13/13 MP: 1/1
   175 | D:1      | Reached XP level 2. HP: 17/18 MP: 2/2
   399 | D:1      | Reached skill level 1 in Stealth
   517 | D:1      | Reached XP level 3. HP: 23/23 MP: 3/3
   912 | D:2      | Found a faded altar of an unknown god.
  1037 | D:2      | Identified the +6 rapier of the Assorted Violins {flame,
                  | Will+}
  1055 | D:2      | Reached XP level 4. HP: 18/29 MP: 4/4
  1365 | D:3      | Found a stormy altar of Qazlal.
  1366 | D:3      | Noticed an air elemental
  1368 | D:3      | Noticed an earth elemental
  1368 | D:3      | Noticed a fire elemental
  1368 | D:3      | Noticed a water elemental
  1611 | D:3      | Found a sparkling altar of Nemelex Xobeh.
  1915 | D:3      | Slain by a gnoll

Illustrated notes

Levels and vault maps discovered:
D:1:      saegor_arrival_simple_c, layout_loops_ring
D:2:      layout_rooms, basic_ecumenical_altar, minmay_strange_pillars,
          minmay_tromino_mix6
D:3:      layout_basic, nicolae_qazlal_style_of_elements,
          mainiacjoe_overflow_concentric_impassable, uniq_grinder

Skill      XL: |  1  2  3  4 |
---------------+-------------+-----
Stealth        | 1 |  1.6
Fighting       | 2 |  2.1
Dodging        | |  2.8
Unarmed Combat | |  3.6
Shapeshifting  | |  3.6

Action                     |  1- 3 |  4- 6 || total
---------------------------+-------+-------++-------
  Melee: Unarmed           |    85 |    38 ||   123
         Constrict         |    15 |     9 ||    24
         Tentacles         |    13 |     8 ||    21
         Punch             |     1 |       ||     1
    Use: Scroll            |     2 |     1 ||     3
   Stab: Sleeping          |     8 |     2 ||    10
         Distracted        |       |     1 ||     1
 Armour: Skin              |    35 |    15 ||    50
  Dodge: Dodged            |    46 |    16 ||    62
  Block: Kite shield       |       |     1 ||     1

Table legend: (Time is in decaauts)
 A = Elapsed time spent in this place.
 B = Non-inter-level travel time spent in this place.
 C = Inter-level travel time spent in this place.
 D = Time resting spent in this place.
 E = Time spent auto-exploring this place.
 F = Levels seen in this place.
 G = Mean time per level.
                   A        B        C        D        E       F      G
               +--------+--------+--------+--------+--------+-----+--------+
         Total |   1910 |   1830 |     80 |      0 |   1282 |   3 |  636.7 |
       Dungeon |   1910 |   1830 |     80 |      0 |   1282 |   3 |  636.7 |
               +--------+--------+--------+--------+--------+-----+--------+

Top non-repeatable levels by time:
     D:1: 688 daAuts
     D:2: 654 daAuts
     D:3: 567 daAuts
